[Event "GambitGuide"]
[Site "Internet Chess Club"]
[Date "2014.10.31"]
[Round "1"]
[White "JSBach"]
[Black "nsideurheadbro"]
[Result "1-0"]
[ICCResult "Black resigns"]
[WhiteElo "1784"]
[BlackElo "1184"]
[Opening "Vienna: `Frankenstein-Dracula' variation"]
[ECO "C27"]
[NIC "VG.02"]
[Time "18:13:19"]
[TimeControl "120+12"]

1. e4 e5 2. Nc3 Nf6 3. Bc4 Nxe4 4. Qh5 Nd6 5. Bb3 Nc6 6. Nb5 g6 7. Qf3 f5 8.
Qd5 Qe7 9. Nxc7+ Kd8 10. Nxa8 b6 11. d3 Bb7 12. Nxb6 axb6 13. Qf3 Nd4 14.
Qg3 f4 15. Qg4 g5 16. Ba4 h5 17. Qd1 Bxg2 18. c3 Nc6 19. Bxc6 dxc6 20. Qb3
Kc7 21. Qa4 Bg7 22. Qa7+ Kd8 23. Qxb6+ Kd7 24. Qa7+ Ke6 25. Qxe7+ Kxe7 26.
Bxf4 exf4 27. h4 Bxh1 28. hxg5 f3 29. a4 Ra8 30. a5 Ra6 31. Kd2 Nb7 32. Re1+
Kd6 33. b4 c5 34. bxc5+ Kxc5 35. Re7 Bxc3+ 36. Kxc3 Nxa5 37. Rh7 Rg6 38.
Rxh5 Nc6 39. Rxh1 Rxg5 40. Nxf3 {Black resigns} 1-0

[Event "GambitGuide"]
[Site "Internet Chess Club"]
[Date "2014.10.31"]
[Round "1"]
[White "JSBach"]
[Black "dutchking"]
[Result "0-1"]
[ICCResult "White checkmated"]
[WhiteElo "1784"]
[BlackElo "1370"]
[Opening "Vienna: `Frankenstein-Dracula' variation"]
[ECO "C27"]
[NIC "VG.02"]
[Time "18:13:18"]
[TimeControl "120+12"]

1. e4 e5 2. Nc3 Nf6 3. Bc4 Nxe4 4. Qh5 Nd6 5. Bb3 Nc6 6. Nb5 g6 7. Qf3 f5 8.
Qd5 Qe7 9. Nxc7+ Kd8 10. Nxa8 b6 11. d3 Bb7 12. Nxb6 axb6 13. Qf3 Nd4 14.
Qg3 f4 15. Qg4 Qf6 16. Ba4 b5 17. Bb3 h5 18. Qh3 g5 19. Bd2 g4 20. Ba5+ Kc8
21. c3 Nxb3 22. axb3 gxh3 23. Ne2 hxg2 24. Rg1 f3 25. Nc1 e4 26. dxe4 Qf4
27. h3 Qxe4+ 28. Kd1 Nf5 29. Bb6 d5 30. Ra5 d4 31. Rxb5 dxc3 32. bxc3 Ba3
33. Ra5 Bxc1 34. Kxc1 Qd3 35. Rc5+ Kd7 36. Rc7+ Kd6 37. Re1 Ra8 38. Ba5 Rxa5
39. b4 Ra1+ 40. Kb2 Qd2+ 41. Kxa1 Qxe1+ 42. Ka2 Qd2+ 43. Ka3 Kxc7 44. b5
Qxc3+ 45. Ka4 Nd4 46. h4 Qb3+ 47. Ka5 Qxb5# {White checkmated} 0-1

[Event "GambitGuide"]
[Site "Internet Chess Club"]
[Date "2014.10.31"]
[Round "1"]
[White "JSBach"]
[Black "ArthurR"]
[Result "1-0"]
[ICCResult "Black resigns"]
[WhiteElo "1784"]
[BlackElo "1679"]
[Opening "Vienna: `Frankenstein-Dracula' variation"]
[ECO "C27"]
[NIC "VG.02"]
[Time "18:14:08"]
[TimeControl "120+12"]

1. e4 e5 2. Nc3 Nf6 3. Bc4 Nxe4 4. Qh5 Nd6 5. Bb3 Nc6 6. Nb5 g6 7. Qf3 f5 8.
Qd5 Qe7 9. Nxc7+ Kd8 10. Nxa8 b6 11. d3 Bb7 12. Nxb6 axb6 13. Qf3 e4 14. Qe3
exd3 15. cxd3 Qxe3+ 16. Bxe3 Nb4 17. Bxb6+ Ke8 18. Kf1 Nxd3 19. Bd4 Nb5 20.
Bxh8 {Black resigns} 1-0

[Event "GambitGuide"]
[Site "Internet Chess Club"]
[Date "2014.10.31"]
[Round "1"]
[White "JSBach"]
[Black "graccus"]
[Result "1-0"]
[ICCResult "Black resigns"]
[WhiteElo "1801"]
[BlackElo "1350"]
[Opening "Vienna: `Frankenstein-Dracula' variation"]
[ECO "C27"]
[NIC "VG.02"]
[Time "18:16:15"]
[TimeControl "120+12"]

1. e4 e5 2. Nc3 Nf6 3. Bc4 Nxe4 4. Qh5 Nd6 5. Bb3 Nc6 6. Nb5 g6 7. Qf3 f5 8.
Qd5 Qe7 9. Nxc7+ Kd8 10. Nxa8 b6 11. d3 Bg7 12. h4 Bb7 13. Bg5 Bf6 14. Nxb6
axb6 15. Nf3 Na5 16. Bxf6 Qxf6 17. Qxe5 Bxf3 18. Qxf6+ {Black resigns} 1-0

[Event "GambitGuide"]
[Site "Internet Chess Club"]
[Date "2014.10.31"]
[Round "1"]
[White "JSBach"]
[Black "tazmanfox66"]
[Result "1-0"]
[ICCResult "Black checkmated"]
[WhiteElo "1801"]
[BlackElo "1524"]
[Opening "Vienna: `Frankenstein-Dracula' variation"]
[ECO "C27"]
[NIC "VG.02"]
[Time "18:15:19"]
[TimeControl "120+12"]

1. e4 e5 2. Nc3 Nf6 3. Bc4 Nxe4 4. Qh5 Nd6 5. Bb3 Nc6 6. Nb5 g6 7. Qf3 f5 8.
Qd5 Qe7 9. Nxc7+ Kd8 10. Nxa8 b6 11. d3 Bg7 12. Ba4 Bb7 13. Nxb6 axb6 14.
Qb3 Kc7 15. Nf3 e4 16. Bg5 Qe8 17. dxe4 Qxe4+ 18. Be3 f4 19. Qxb6+ Kc8 20.
Bxc6 Bxc6 21. O-O-O fxe3 22. Rxd6 exf2 23. Rf1 Bh6+ 24. Kb1 Be3 25. Qa6+ Kd8
26. Rd3 Kc7 27. Nd2 Bxd2 28. Qa7+ Kd8 29. Rxd2 Qe1+ 30. Rd1 Qe5 31. Rxf2 Re8
32. g3 Qb5 33. a3 Qb7 34. Qc5 Kc7 35. Rf7 Rd8 36. Rxh7 Kb8 37. Qe7 Qc7 38.
Rg7 Kb7 39. Rxg6 Rb8 40. Rg7 Ka8 41. Rf7 Qb7 42. Qe5 Ka7 43. Qa5+ Qa6 44.
Rdxd7+ Bxd7 45. Rxd7+ Rb7 46. Rxb7+ Kxb7 47. Qxa6+ Kxa6 48. c4 Kb6 49. h4
Kc5 50. h5 Kxc4 51. h6 Kb3 52. h7 Kc4 53. b4 Kb3 54. h8=Q Ka4 55. Qc3 Kb5
56. g4 Ka4 57. g5 Kb5 58. g6 Ka4 59. g7 Kb5 60. g8=Q Ka4 61. Qe8#
{Black checkmated}
1-0

[Event "GambitGuide"]
[Site "Internet Chess Club"]
[Date "2014.10.31"]
[Round "1"]
[White "JSBach"]
[Black "Lyon"]
[Result "1-0"]
[ICCResult "Black resigns"]
[WhiteElo "1801"]
[BlackElo "1400"]
[Opening "Vienna: `Frankenstein-Dracula' variation"]
[ECO "C27"]
[NIC "VG.02"]
[Time "18:16:58"]
[TimeControl "120+12"]

1. e4 e5 2. Nc3 Nf6 3. Bc4 Nxe4 4. Qh5 Nd6 5. Bb3 Nc6 6. Nb5 g6 7. Qf3 f5 8.
Qd5 Qe7 9. Nxc7+ Kd8 10. Nxa8 b6 11. d3 Rg8 12. Qxg8 {Black resigns} 1-0

[Event "GambitGuide"]
[Site "Internet Chess Club"]
[Date "2014.10.31"]
[Round "1"]
[White "JSBach"]
[Black "fearlessone"]
[Result "1-0"]
[ICCResult "Black checkmated"]
[WhiteElo "1801"]
[BlackElo "1812"]
[Opening "Vienna: `Frankenstein-Dracula' variation"]
[ECO "C27"]
[NIC "VG.02"]
[Time "18:07:28"]
[TimeControl "120+12"]

1. e4 e5 2. Nc3 Nf6 3. Bc4 Nxe4 4. Qh5 Nd6 5. Bb3 Nc6 6. Nb5 g6 7. Qf3 f5 8.
Qd5 Qe7 9. Nxc7+ Kd8 10. Nxa8 b6 11. d3 Bb7 12. Nxb6 axb6 13. Qf3 Nd4 14.
Qg3 Bg7 15. Bg5 Bf6 16. Bxf6 Qxf6 17. Ba4 b5 18. Bb3 Re8 19. Nh3 e4 20. Kf1
h6 21. Rd1 g5 22. dxe4 Nxe4 23. Qb8+ Bc8 24. Bd5 Nc6 25. Qxb5 Nd6 26. Qb6+
Ke7 27. Bxc6 dxc6 28. Qxc6 Bd7 29. Qd5 Rd8 30. b3 Be6 31. Qc5 Rd7 32. a4 Qf8
33. f4 g4 34. Nf2 Kf7 35. Re1 Qd8 36. c4 Ne8 37. Qc6 Rd6 38. Qb5 Rd2 39. c5
Qd4 40. Re2 Qa1+ 41. Re1 Qb2 42. Nxg4 fxg4 43. Qb7+ Kf6 44. Qc6 Ng7 45. h3
Rf2+ 46. Kg1 Rxf4 47. Kh2 g3+ 48. Kxg3 Qf2+ 49. Kh2 Rf5 50. Qd6 Qxc5 51. Qg3
Nh5 52. Qb8 Qc3 53. Qf8+ Bf7 54. Qxh6+ Bg6 55. Qh8+ Ng7 56. Qd8+ Kf7 57.
Re7+ Kf6 58. Re8+ Kf7 59. Qe7# {Black checkmated} 1-0

[Event "GambitGuide"]
[Site "Internet Chess Club"]
[Date "2014.10.31"]
[Round "1"]
[White "JSBach"]
[Black "joppie"]
[Result "1-0"]
[ICCResult "Black checkmated"]
[WhiteElo "1813"]
[BlackElo "1684"]
[Opening "Vienna: `Frankenstein-Dracula' variation"]
[ECO "C27"]
[NIC "VG.02"]
[Time "18:17:03"]
[TimeControl "120+12"]

1. e4 e5 2. Nc3 Nf6 3. Bc4 Nxe4 4. Qh5 Nd6 5. Bb3 Nc6 6. Nb5 g6 7. Qf3 f5 8.
Qd5 Qe7 9. Nxc7+ Kd8 10. Nxa8 b6 11. d3 Bg7 12. Ba4 Bb7 13. Nxb6 axb6 14.
Qb3 Kc7 15. Be3 Nd4 16. Qc3+ Bc6 17. Kf1 f4 18. Bd2 N6f5 19. Bxc6 Nxc6 20.
Re1 d6 21. Bxf4 g5 22. Bd2 h5 23. Qc4 h4 24. Qg4 Nfd4 25. Bxg5 Qf7 26. Bxh4
Nxc2 27. Re4 N2b4 28. Rxb4 Nxb4 29. Qxb4 Qxa2 30. Nf3 Qb1+ 31. Ne1 Ra8 32.
Qc4+ Kd7 33. Qg4+ Kc7 34. Qxg7+ Kc6 35. Qe7 Ra1 36. Qe8+ Kd5 37. Qg8+ Kc6
38. Qc8+ Kd5 39. Qc4# {Black checkmated} 1-0

[Event "GambitGuide"]
[Site "Internet Chess Club"]
[Date "2014.10.31"]
[Round "1"]
[White "JSBach"]
[Black "graccus"]
[Result "1-0"]
[ICCResult "Black resigns"]
[WhiteElo "1808"]
[BlackElo "1350"]
[Opening "Vienna: `Frankenstein-Dracula' variation"]
[ECO "C27"]
[NIC "VG.02"]
[Time "18:17:41"]
[TimeControl "120+12"]

1. e4 e5 2. Nc3 Nf6 3. Bc4 Nxe4 4. Qh5 Nd6 5. Bb3 Nc6 6. Nb5 g6 7. Qf3 f5 8.
Qd5 Qe7 9. Nxc7+ Kd8 10. Nxa8 b6 11. d3 Bb7 12. Nxb6 axb6 13. Qf3 e4 14.
dxe4 Nxe4 15. Be3 Bg7 16. Bxb6+ Kc8 17. Qe3 Bxb2 18. Rb1 Qb4+ 19. c3 Bxc3+
20. Kd1 Re8 21. Bc2 Re7 22. Rxb4 {Black resigns} 1-0

[Event "GambitGuide"]
[Site "Internet Chess Club"]
[Date "2014.10.31"]
[Round "1"]
[White "JSBach"]
[Black "Chessnt"]
[Result "1-0"]
[ICCResult "Black resigns"]
[WhiteElo "1808"]
[BlackElo "1313"]
[Opening "Vienna: `Frankenstein-Dracula' variation"]
[ECO "C27"]
[NIC "VG.02"]
[Time "18:15:12"]
[TimeControl "120+12"]

1. e4 e5 2. Nc3 Nf6 3. Bc4 Nxe4 4. Qh5 Nd6 5. Bb3 Nc6 6. Nb5 g6 7. Qf3 f5 8.
Qd5 Qe7 9. Nxc7+ Kd8 10. Nxa8 b6 11. d3 Bb7 12. Nxb6 axb6 13. Qf3 Nd4 14.
Qg3 Bg7 15. Bg5 Bf6 16. Bxf6 Qxf6 17. Ba4 Bc6 18. Bb3 Re8 19. c3 N4b5 20.
Ne2 e4 21. d4 Nc7 22. Qe3 Nd5 23. Qh6 Re7 24. O-O e3 25. Bxd5 Bxd5 26. fxe3
Nc4 27. Nf4 Bc6 28. Rf2 Nxe3 29. Re1 Ng4 30. Rxe7 Qxe7 31. Qh3 Nxf2 32. Kxf2
Qe4 33. Nd3 h5 34. Qf3 Qe6 35. Qg3 Qd5 36. Nb4 Qe4 37. Qxg6 Qg4 38. Nxc6+
dxc6 39. Qd6+ Ke8 40. Qxc6+ Kf7 41. Qc7+ Kg6 42. Qxb6+ Kg5 43. Qd8+ Kh6 44.
Qh8+ Kg5 45. Qg7+ {Black resigns} 1-0

[Event "GambitGuide"]
[Site "Internet Chess Club"]
[Date "2014.10.31"]
[Round "1"]
[White "JSBach"]
[Black "dutchking"]
[Result "0-1"]
[ICCResult "White checkmated"]
[WhiteElo "1808"]
[BlackElo "1370"]
[Opening "Vienna: `Frankenstein-Dracula' variation"]
[ECO "C27"]
[NIC "VG.02"]
[Time "18:16:41"]
[TimeControl "120+12"]

1. e4 e5 2. Nc3 Nf6 3. Bc4 Nxe4 4. Qh5 Nd6 5. Bb3 Nc6 6. Nb5 g6 7. Qf3 f5 8.
Qd5 Qe7 9. Nxc7+ Kd8 10. Nxa8 b6 11. d3 Bb7 12. Nxb6 axb6 13. Qf3 Nd4 14.
Qg3 f4 15. Qg4 Qf6 16. Ba4 b5 17. Bb3 h5 18. Qh3 g5 19. Bd2 g4 20. Ba5+ Kc8
21. c3 Nxb3 22. axb3 gxh3 23. Ne2 hxg2 24. Rg1 f3 25. Ng3 h4 26. Ne4 Nxe4
27. dxe4 Qf4 28. Bb6 Qxh2 29. Kd2 Qf4+ 30. Be3 Qxe4 31. c4 Bh6 32. Bxh6 Qe2+
33. Kc3 Rxh6 34. Rae1 Qxf2 35. Kb4 d6 36. Ra1 Qc5+ 37. Kc3 b4+ 38. Kc2 Be4+
39. Kd2 f2 40. Rxg2 Qd4+ 41. Ke2 Rf6 42. Rg8+ Kd7 43. Ra7+ Ke6 44. Re8+ Kf5
45. Ra1 Bd3+ 46. Kd2 Be4+ 47. Ke2 Qd3+ 48. Kxf2 Kg4+ 49. Kg1 Kh3 50. Re1
Qg3# {White checkmated} 0-1

[Event "GambitGuide"]
[Site "Internet Chess Club"]
[Date "2014.10.31"]
[Round "1"]
[White "JSBach"]
[Black "vajramove"]
[Result "0-1"]
[ICCResult "White checkmated"]
[WhiteElo "1803"]
[BlackElo "1635"]
[Opening "Vienna: `Frankenstein-Dracula' variation"]
[ECO "C27"]
[NIC "VG.02"]
[Time "18:17:53"]
[TimeControl "120+12"]

1. e4 e5 2. Nc3 Nf6 3. Bc4 Nxe4 4. Qh5 Nd6 5. Bb3 Nc6 6. Nb5 g6 7. Qf3 f5 8.
Qd5 Qe7 9. Nxc7+ Kd8 10. Nxa8 b6 11. d3 Bb7 12. Nxb6 axb6 13. Qf3 Nd4 14.
Qg3 Bg7 15. Bg5 Bf6 16. Bxf6 Qxf6 17. Ba4 b5 18. Bb3 Re8 19. c3 e4 20. cxd4
Qxd4 21. O-O-O Re5 22. Qh4+ Kc7 23. Qxh7 Rc5+ 24. Kb1 exd3 25. Qxg6 Be4 26.
f3 d2+ 27. fxe4 Qd3+ 28. Bc2 Qxc2+ 29. Ka1 Qc1+ 30. Rxc1 Rxc1#
{White checkmated}
0-1

[Event "GambitGuide"]
[Site "Internet Chess Club"]
[Date "2014.10.31"]
[Round "1"]
[White "JSBach"]
[Black "tazmanfox66"]
[Result "1-0"]
[ICCResult "Black resigns"]
[WhiteElo "1803"]
[BlackElo "1524"]
[Opening "Vienna: `Frankenstein-Dracula' variation"]
[ECO "C27"]
[NIC "VG.02"]
[Time "18:18:03"]
[TimeControl "120+12"]

1. e4 e5 2. Nc3 Nf6 3. Bc4 Nxe4 4. Qh5 Nd6 5. Bb3 Nc6 6. Nb5 g6 7. Qf3 f5 8.
Qd5 Qe7 9. Nxc7+ Kd8 10. Nxa8 b6 11. d3 Bb7 12. Nxb6 axb6 13. Qf3 Nd4 14.
Qh3 Nxb3 15. axb3 e4 16. d4 Nb5 17. Ne2 Qb4+ 18. Bd2 Qd6 19. Bf4 Qd5 20. c4
Bb4+ 21. Kf1 Qf7 22. Be5 Nd6 23. Bxh8 f4 24. Qh4+ Kc7 25. Nxf4 Nf5 26. Qh3
e3 27. fxe3 g5 28. c5 gxf4 29. cxb6+ Kxb6 30. exf4 Qxb3 31. Qxb3 {Black
resigns} 1-0

[Event "GambitGuide"]
[Site "Internet Chess Club"]
[Date "2014.10.31"]
[Round "1"]
[White "JSBach"]
[Black "fearlessone"]
[Result "1-0"]
[ICCResult "Black resigns"]
[WhiteElo "1803"]
[BlackElo "1812"]
[Opening "Vienna: `Frankenstein-Dracula' variation"]
[ECO "C27"]
[NIC "VG.02"]
[Time "18:18:16"]
[TimeControl "120+12"]

1. e4 e5 2. Nc3 Nf6 3. Bc4 Nxe4 4. Qh5 Nd6 5. Bb3 Nc6 6. Nb5 g6 7. Qf3 f5 8.
Qd5 Qe7 9. Nxc7+ Kd8 10. Nxa8 b6 11. d3 Bb7 12. Nxb6 axb6 13. Qf3 Nd4 14.
Qg3 Bg7 15. Bg5 Bf6 16. Bxf6 Qxf6 17. Ba4 b5 18. Bb3 e4 19. dxe4 Nxe4 20.
Qb8+ Bc8 21. c3 Nxb3 22. axb3 Re8 23. Ne2 Qe6 24. Nd4 Qd5 25. O-O Ke7 26.
Qxb5 {Black resigns} 1-0

[Event "GambitGuide"]
[Site "Internet Chess Club"]
[Date "2014.10.31"]
[Round "1"]
[White "JSBach"]
[Black "nsideurheadbro"]
[Result "1/2-1/2"]
[ICCResult "Game drawn because neither player has mating material"]
[WhiteElo "1803"]
[BlackElo "1184"]
[Opening "Vienna: `Frankenstein-Dracula' variation"]
[ECO "C27"]
[NIC "VG.02"]
[Time "18:15:50"]
[TimeControl "120+12"]

1. e4 e5 2. Nc3 Nf6 3. Bc4 Nxe4 4. Qh5 Nd6 5. Bb3 Nc6 6. Nb5 g6 7. Qf3 f5 8.
Qd5 Qe7 9. Nxc7+ Kd8 10. Nxa8 b6 11. d3 Bb7 12. Nxb6 axb6 13. Qf3 Nd4 14.
Qg3 f4 15. Qg4 g5 16. Ba4 h5 17. Qd1 Bxg2 18. c3 Ne6 19. Qe2 Bxh1 20. Qxe5
Bg7 21. Qe2 g4 22. Bb3 f3 23. Qe3 Nf5 24. Qxb6+ Ke8 25. Bxe6 Qxe6+ 26. Qxe6+
dxe6 27. Bf4 Ke7 28. Bg5+ Kd6 29. a4 Ra8 30. a5 Ra6 31. d4 Kd5 32. b4 Kc4
33. Rc1 h4 34. Bf4 Bh6 35. Bxh6 Nxh6 36. Kd1 Nf5 37. Kd2 Nd6 38. Ke3 Kd5 39.
Kf4 g3 40. hxg3 hxg3 41. Kxg3 Nf5+ 42. Kf4 Nh4 43. Kg4 Ng6 44. Nxf3 Bxf3+
45. Kxf3 e5 46. Rd1 exd4 47. Rxd4+ Ke5 48. Re4+ Kd6 49. c4 Ne5+ 50. Ke2 Nc6
51. b5 Rxa5 52. bxc6 Kxc6 53. f4 Rf5 54. Kd3 Kc5 55. Re5+ Rxe5 56. fxe5 Kc6
57. Ke4 Kd7 58. Kf5 Ke7 59. Kg6 Ke6 60. c5 Kxe5 61. Kh6 Ke6 62. Kg6 Kd7 63.
Kh6 Kc6 64. Kg6 Kxc5 {Game drawn because neither player has mating material}
1/2-1/2

[Event "GambitGuide"]
[Site "Internet Chess Club"]
[Date "2014.10.31"]
[Round "1"]
[White "JSBach"]
[Black "graccus"]
[Result "1-0"]
[ICCResult "Black resigns"]
[WhiteElo "1803"]
[BlackElo "1350"]
[Opening "Vienna: `Frankenstein-Dracula' variation"]
[ECO "C27"]
[NIC "VG.02"]
[Time "18:19:38"]
[TimeControl "120+12"]

1. e4 e5 2. Nc3 Nf6 3. Bc4 Nxe4 4. Qh5 Nd6 5. Bb3 Nc6 6. Nb5 g6 7. Qf3 f5 8.
Qd5 Qe7 9. Nxc7+ Kd8 10. Nxa8 b6 11. d3 Bb7 12. Nxb6 axb6 13. Qf3 e4 14. Qe3
Bg7 15. Qxb6+ Kc8 16. Ne2 Re8 17. d4 {Black resigns} 1-0

[Event "GambitGuide"]
[Site "Internet Chess Club"]
[Date "2014.10.31"]
[Round "1"]
[White "JSBach"]
[Black "graccus"]
[Result "1-0"]
[ICCResult "Black resigns"]
[WhiteElo "1817"]
[BlackElo "1350"]
[Opening "Vienna: `Frankenstein-Dracula' variation"]
[ECO "C27"]
[NIC "VG.02"]
[Time "18:20:51"]
[TimeControl "120+12"]

1. e4 e5 2. Nc3 Nf6 3. Bc4 Nxe4 4. Qh5 Nd6 5. Bb3 Nc6 6. Nb5 g6 7. Qf3 f5 8.
Qd5 Qe7 9. Nxc7+ Kd8 10. Nxa8 b6 11. d3 Bb7 12. Nxb6 Nd4 13. Bg5 Bxd5 14.
Bxe7+ Bxe7 15. Nxd5 {Black resigns} 1-0

[Event "GambitGuide"]
[Site "Internet Chess Club"]
[Date "2014.10.31"]
[Round "1"]
[White "JSBach"]
[Black "ArthurR"]
[Result "0-1"]
[ICCResult "White checkmated"]
[WhiteElo "1817"]
[BlackElo "1679"]
[Opening "Vienna: `Frankenstein-Dracula' variation"]
[ECO "C27"]
[NIC "VG.02"]
[Time "18:20:00"]
[TimeControl "120+12"]

1. e4 e5 2. Nc3 Nf6 3. Bc4 Nxe4 4. Qh5 Nd6 5. Bb3 Nc6 6. Nb5 g6 7. Qf3 f5 8.
Qd5 Qe7 9. Nxc7+ Kd8 10. Nxa8 b6 11. d3 Bb7 12. Nxb6 axb6 13. Qf3 Nd4 14.
Qg3 f4 15. Qg4 h5 16. Qxg6 Rh6 17. Qg8 Qf6 18. Ne2 Nxe2 19. Kxe2 Rh8 20.
Qxh8 Qxh8 21. Kf1 Nf5 22. Bd2 Qg7 23. Rg1 Nh4 24. g4 Nf3 25. Bc3 Nxg1 26.
Kxg1 Qxg4+ 27. Kf1 Qg2+ 28. Ke2 f3+ 29. Kd2 Bh6+ 30. Kd1 Qf1+ 31. Be1 Qe2#
{White checkmated}
0-1

[Event "GambitGuide"]
[Site "Internet Chess Club"]
[Date "2014.10.31"]
[Round "1"]
[White "JSBach"]
[Black "tazmanfox66"]
[Result "1-0"]
[ICCResult "Black checkmated"]
[WhiteElo "1817"]
[BlackElo "1524"]
[Opening "Vienna: `Frankenstein-Dracula' variation"]
[ECO "C27"]
[NIC "VG.02"]
[Time "18:20:32"]
[TimeControl "120+12"]

1. e4 e5 2. Nc3 Nf6 3. Bc4 Nxe4 4. Qh5 Nd6 5. Bb3 Nc6 6. Nb5 g6 7. Qf3 f5 8.
Qd5 Qe7 9. Nxc7+ Kd8 10. Nxa8 b6 11. d3 e4 12. dxe4 Nxe4 13. Be3 Bb7 14.
Nxb6 axb6 15. Bxb6+ Kc8 16. Be3 Bg7 17. c3 g5 18. Qxf5 Rf8 19. Bf7 Rxf7 20.
Qd5 Nd8 21. Qc4+ Nc6 22. Nf3 g4 23. Ne5 Bxe5 24. O-O Qd6 25. Qxf7 Bxh2+ 26.
Kh1 Ne5 27. Qg8+ Kc7 28. Qxh7 g3 29. Rad1 Qf6 30. f4 Ng4 31. Qxd7+ Kb8 32.
Qe8+ Kc7 33. Rd7+ Kc6 34. Rd8+ Kc7 35. Qd7# {Black checkmated} 1-0

[Event "GambitGuide"]
[Site "Internet Chess Club"]
[Date "2014.10.31"]
[Round "1"]
[White "JSBach"]
[Black "Lyon"]
[Result "1-0"]
[ICCResult "Black resigns"]
[WhiteElo "1817"]
[BlackElo "1400"]
[Opening "Vienna: `Frankenstein-Dracula' variation"]
[ECO "C27"]
[NIC "VG.02"]
[Time "18:17:33"]
[TimeControl "120+12"]

1. e4 e5 2. Nc3 Nf6 3. Bc4 Nxe4 4. Qh5 Nd6 5. Bb3 Nc6 6. Nb5 g6 7. Qf3 f5 8.
Qd5 Qe7 9. Nxc7+ Kd8 10. Nxa8 b6 11. d3 Bb7 12. Nxb6 axb6 13. Qf3 Bg7 14.
Be3 Kc7 15. Bd5 e4 16. Qe2 Qe5 17. Bxc6 Bxc6 18. d4 Qf6 19. Nh3 Bb5 20. Nf4
Bxe2 21. Nd5+ Kb7 22. Nxf6 Bxf6 23. Kxe2 Nc4 24. b3 Nxe3 25. fxe3 d5 26. c4
Rc8 27. cxd5 Rc2+ 28. Kd1 Rxg2 29. h3 Bg5 30. Re1 Rg3 31. Kd2 Rxh3 32. Rac1
h5 33. Rc6 h4 34. Rxg6 Rg3 35. Rg7+ Kc8 36. Rf7 h3 37. Rxf5 Bd8 38. Ref1 h2
39. Rc1+ Kb8 40. a4 Rg1 41. Rh5 Rg2+ 42. Kc3 Bg5 43. Rh3 Bxe3 44. Rxe3 Rg1
45. Ree1 Rg3+ 46. Kc4 {Black resigns} 1-0

[Event "GambitGuide"]
[Site "Internet Chess Club"]
[Date "2014.10.31"]
[Round "1"]
[White "JSBach"]
[Black "nsideurheadbro"]
[Result "1-0"]
[ICCResult "Black resigns"]
[WhiteElo "1829"]
[BlackElo "1184"]
[Opening "Vienna: `Frankenstein-Dracula' variation"]
[ECO "C27"]
[NIC "VG.02"]
[Time "18:20:45"]
[TimeControl "120+12"]

1. e4 e5 2. Nc3 Nf6 3. Bc4 Nxe4 4. Qh5 Nd6 5. Bb3 Nc6 6. Nb5 g6 7. Qf3 f5 8.
Qd5 Qe7 9. Nxc7+ Kd8 10. Nxa8 b6 11. d3 Bb7 12. Nxb6 axb6 13. Qf3 Nd4 14.
Qg3 f4 15. Qg4 g5 16. Bd2 h5 17. Qd1 Bxg2 18. c3 Nxb3 19. Qxb3 b5 20. a4
Bxh1 21. axb5 Bg7 22. Qb4 Bb7 23. Kf1 Rf8 24. Re1 Qe6 25. Qa5+ Kc8 26. b6
Qd5 27. Qxd5 Bxd5 28. c4 Bc6 29. Bb4 Nb7 30. Bxf8 Bxf8 31. Rxe5 g4 32. Re8+
Nd8 33. Rxf8 f3 34. Rh8 Kb7 35. Rxd8 Kxb6 36. Rh8 Kc5 37. Rxh5+ Kd4 38. Rg5
Kxd3 39. Rxg4 Kc2 40. b4 Kc3 41. b5 Bb7 42. Rf4 Kb4 43. Nxf3 Bxf3 44. Rxf3
Kxc4 45. b6 Kc5 46. b7 Kc6 47. b8=Q {Black resigns} 1-0

[Event "GambitGuide"]
[Site "Internet Chess Club"]
[Date "2014.10.31"]
[Round "1"]
[White "JSBach"]
[Black "graccus"]
[Result "1-0"]
[ICCResult "Black resigns"]
[WhiteElo "1810"]
[BlackElo "1350"]
[Opening "Vienna: `Frankenstein-Dracula' variation"]
[ECO "C27"]
[NIC "VG.02"]
[Time "18:22:01"]
[TimeControl "120+12"]

1. e4 e5 2. Nc3 Nf6 3. Bc4 Nxe4 4. Qh5 Nd6 5. Bb3 Nc6 6. Nb5 g6 7. Qf3 f5 8.
Qd5 Qe7 9. Nxc7+ Kd8 10. Nxa8 b6 11. d3 Bb7 12. Nxb6 axb6 13. Qf3 Bg7 14.
Be3 Nd4 15. Qh3 Re8 16. Rc1 f4 17. Bd2 N6f5 18. Bc3 Nxb3 19. axb3 e4 20. Kf1
Bxc3 21. bxc3 e3 22. Re1 Qa3 23. Qxh7 {Black resigns} 1-0

[Event "GambitGuide"]
[Site "Internet Chess Club"]
[Date "2014.10.31"]
[Round "1"]
[White "JSBach"]
[Black "tazmanfox66"]
[Result "1-0"]
[ICCResult "Black resigns"]
[WhiteElo "1810"]
[BlackElo "1524"]
[Opening "Vienna: `Frankenstein-Dracula' variation"]
[ECO "C27"]
[NIC "VG.02"]
[Time "18:22:36"]
[TimeControl "120+12"]

1. e4 e5 2. Nc3 Nf6 3. Bc4 Nxe4 4. Qh5 Nd6 5. Bb3 Nc6 6. Nb5 g6 7. Qf3 f5 8.
Qd5 Qe7 9. Nxc7+ Kd8 10. Nxa8 b6 11. d3 Bg7 12. Ba4 Bb7 13. Nxb6 axb6 14.
Qb3 e4 15. Be3 exd3 16. Qxb6+ Kc8 17. Rb1 f4 18. cxd3 fxe3 19. Qxe3 Qxe3+
20. fxe3 Re8 21. e4 Nf5 22. a3 Nfd4 23. Ne2 Ba6 24. Nxd4 Bxd4 25. Bxc6 dxc6
26. Kd2 Rf8 27. Rhe1 Rf2+ 28. Re2 c5 29. Rxf2 Bxf2 30. b4 Bd4 31. Rc1 Kc7
32. a4 Bb7 33. bxc5 Kc6 34. a5 Ba6 35. h3 Bg7 36. Rf1 Bh6+ 37. Ke2 Kxc5 38.
Rf7 Kd4 39. Rd7+ Ke5 40. Ra7 Bb5 41. Rxh7 Bf4 42. Rf7 Bg3 43. Ke3 g5 44.
Rf5+ Ke6 45. Rxb5 Bf4+ 46. Kd4 Bg3 47. Rxg5 Bf2+ 48. Kc4 Bh4 49. a6 Bxg5 50.
a7 Bf4 51. a8=Q Ke5 52. Qb8+ Kf6 53. Qxf4+ Ke7 54. g4 {Black resigns} 1-0

[Event "GambitGuide"]
[Site "Internet Chess Club"]
[Date "2014.10.31"]
[Round "1"]
[White "JSBach"]
[Black "nsideurheadbro"]
[Result "1-0"]
[ICCResult "Black checkmated"]
[WhiteElo "1810"]
[BlackElo "1184"]
[Opening "Vienna: `Frankenstein-Dracula' variation"]
[ECO "C27"]
[NIC "VG.02"]
[Time "18:24:08"]
[TimeControl "120+12"]

1. e4 e5 2. Nc3 Nf6 3. Bc4 Nxe4 4. Qh5 Nd6 5. Bb3 Nc6 6. Nb5 g6 7. Qf3 f5 8.
Qd5 Qe7 9. Nxc7+ Kd8 10. Nxa8 b6 11. d3 Bb7 12. Nxb6 axb6 13. Qf3 Nd4 14.
Qh3 f4 15. Ba4 g5 16. Bd2 h5 17. f3 e4 18. dxe4 Nxe4 19. fxe4 Qxe4+ 20. Kf1
Nf5 21. Re1 Ne3+ 22. Bxe3 Qxa4 23. Bxb6+ Kc8 24. Re8# {Black checkmated} 1-0

[Event "GambitGuide"]
[Site "Internet Chess Club"]
[Date "2014.10.31"]
[Round "1"]
[White "JSBach"]
[Black "fearlessone"]
[Result "1-0"]
[ICCResult "Black resigns"]
[WhiteElo "1789"]
[BlackElo "1812"]
[Opening "Vienna: `Frankenstein-Dracula' variation"]
[ECO "C27"]
[NIC "VG.02"]
[Time "18:20:25"]
[TimeControl "120+12"]

1. e4 e5 2. Nc3 Nf6 3. Bc4 Nxe4 4. Qh5 Nd6 5. Bb3 Nc6 6. Nb5 g6 7. Qf3 f5 8.
Qd5 Qe7 9. Nxc7+ Kd8 10. Nxa8 b6 11. d3 Bb7 12. Nxb6 axb6 13. Qf3 Bg7 14.
Be3 e4 15. dxe4 Nxe4 16. Bxb6+ Kc8 17. Qe3 Bxb2 18. Rb1 Bc3+ 19. Kd1 Qd6+
20. Qd3 Qf6 21. Bd5 Re8 22. Ne2 Ba5 23. Bxe4 Bxb6 24. Qb5 Rxe4 25. Qxb6 Qd6+
26. Ke1 Rxe2+ 27. Kxe2 Nd4+ 28. Kd3 Ba6+ 29. c4 Nc6+ 30. Kc3 Qe5+ 31. Kb3
Bxc4+ 32. Kxc4 Na5+ 33. Kb4 Nc6+ 34. Ka3 Qd6+ 35. Ka4 Qd4+ 36. Qxd4
{Black resigns}
1-0